 Dungeon Crawl Stone Soup version 0.28.0 (webtiles) character file.

Game seed: 15957666713522727669

5 a3don the Stinger (level 1, -1/9 HPs)
             Began as a Spriggan Venom Mage on Feb 12, 2022.
             Frozen to death by an endoplasm (5 damage)
             ... on level 1 of the Dungeon.
             The game lasted 00:00:53 (300 turns).

a3don the Stinger (Spriggan Venom Mage)              Turns: 300, Time: 00:00:54

Health: -1/9       AC:  2    Str:  4    XL:     1   Next: 66%
Magic:  3/5        EV: 17    Int: 16    God:
Gold:   15         SH:  0    Dex: 15    Spells: 4/5 levels left

rFire   . . .      SeeInvis +   d - +0 dagger
rCold   . . .      Faith    .   (no shield)
rNeg    . . .      Spirit   .   a - +0 robe
rPois   .          Reflect  .   (helmet restricted)
rElec   .          Harm     .   (no cloak)
rCorr   .          Rampage  .   (gloves unavailable)
Will    .....                   (boots unavailable)
Stlth   ++........              (no amulet)
HPRegen 0.03/turn               (no ring)
MPRegen 0.09/turn               (no ring)

@: very quick
A: very small, no large weapons, unfitting armour, see invisible, speed 3
a: no special abilities


You were on level 1 of the Dungeon.
You visited 1 branch of the dungeon, and saw 1 of its levels.

You collected 15 gold pieces.

Inventory:

Hand Weapons
 d - a +0 dagger (weapon)
Missiles
 b - 24 stones
Armour
 a - a +0 robe (worn)
Scrolls
 c - a scroll of identify {unknown}


   Skills:
 + Level 0.1 Fighting
 + Level 0.1 Short Blades
 + Level 2.7 Dodging
 + Level 3.1 Stealth
 + Level 2.7 Spellcasting
 + Level 1.6 Transmutations
 + Level 3.1 Poison Magic


You had 4 spell levels left.
You knew the following spells:

 Your Spells              Type           Power      Damage    Failure   Level
a - Sting                 Tmut/Pois      36%        1d4       8%          1

Your spell library contained the following spells:

 Spells                   Type           Power      Damage    Failure   Level
 Poisonous Vapours        Pois/Air       14%        N/A       16%         2
 Mephitic Cloud           Conj/Pois/Air  5%         N/A       36%         3
 Olgreb's Toxic Radiance  Pois           12%        N/A       47%         4
 Dazzling Flash           Conj/Hex       4%         N/A       50%         3
 Agony                    Necr           2%         N/A       99%         5
 Silence                  Hex/Air        1%         N/A       99%         5


Dungeon Overview and Level Annotations

Branches:
Dungeon (1/15)

Altars:


Innate Abilities, Weirdness & Mutations

You are very small and have problems with some larger weapons.
You are too small for most types of armour.
You have supernaturally acute eyesight. (SInv)
You cover ground extremely quickly. (Speed+++)


Message History

No target in view!
No target in view!
Your magical contamination has completely faded away.
Found a stone staircase leading down.
A rat comes into view.
A rat is nearby!
A rat is nearby!
You see here 16 gold pieces.
An endoplasm comes into view.
Casting: Sting (safe; 8% risk of failure)
Confirm with . or Enter, or press ? or * to list all spells.
Aiming: Sting (safe; 8% risk of failure)
Press: ? - help, Shift-Dir - straight line, f - rat
Aim: a rat (asleep, 100% to hit)
The sting hits the rat.
The rat is poisoned.
You kill the rat!
The endoplasm quivers.
You hit the endoplasm.
The endoplasm is moderately wounded.
The endoplasm freezes you.
You are frozen.
You barely miss the endoplasm.
The endoplasm is moderately wounded.
The endoplasm hits you but does no damage.
You hit the endoplasm.
The endoplasm is severely wounded.
The endoplasm freezes you.
You are frozen.
You are too injured to fight recklessly!
Casting: Sting (safe; 8% risk of failure)
Confirm with . or Enter, or press ? or * to list all spells.
Aiming: Sting (safe; 8% risk of failure)
Press: ? - help, Shift-Dir - straight line, f - endoplasm
Aim: an endoplasm (severely wounded, 97% to hit)
The sting hits the endoplasm.
The endoplasm is poisoned.
The endoplasm is almost dead.
The endoplasm freezes you.
You are frozen.
Ouch! That really hurt!
You die...

##...#+#........
...###...$.####..
.................
.............#....
.........#.#.# ...
......#.#.# ..
......#.#.# .
.####.#.#.# #@#
#J# #.# #.# #.#
#.# #.# ...


You could see an endoplasm (poisoned).

Vanquished Creatures
  2 bats (D:1)
  3 frilled lizards (D:1)
  A kobold (D:1)
  A rat (D:1)
7 creatures vanquished.

Notes
Turn   | Place    | Note
-------+----------+-------------------------------------------
     0 | D:1      | a3don the Spriggan Venom Mage began the quest for the Orb.
     0 | D:1      | Reached XP level 1. HP: 9/9 MP: 5/5
   300 | D:1      | Frozen to death by an endoplasm

Illustrated notes

Levels and vault maps discovered:
D:1:      dpeg_arrival_snail, layout_basic, chequers_serial_rivers_marsh

Action                   || total
-------------------------++-------
Melee: Dagger            ||    17
 Cast: Sting             ||    10
Armor: Robe              ||     5
Dodge: Dodged            ||    23
